 Dungeon Crawl Stone Soup version 0.14.1-1-g650416f (webtiles) character file.

249496 E1999 the Blocker (level 18, 0/138 HPs)
             Began as a Demonspawn Fire Elementalist on May 1, 2014.
             Was the Champion of Vehumet.
             Slain by an angel
             ... wielding a +3,+2 whip of holy wrath
              (2 damage)
             ... on Level 1 of the Abyss on May 2, 2014.
             The game lasted 04:48:18 (44130 turns).

E1999 the Blocker (Demonspawn Fire Elementalist)   Turns: 44130, Time: 04:48:18

HP   0/138       AC 16     Str 11      XL: 18   Next: 84%
MP  28/32        EV 23     Int 24 (26) God: Vehumet [******]
Gold 1332        SH 28     Dex 17 (18) Spells:  9 memorised,  1 level left

rFire  + + .     SeeInvis +     S - +5,+3 war axe (elec)
rCold  + . .     Clarity  .     K - +3 leather armour {rC+}
rNeg   . . .     Conserve .     c - +1 shield "Heonwiov" {Int+3 Acc+5 Curse}
rPois  .         rCorr    .     (no helmet)
rElec  .         rRot     +     B - +3 cloak of Flash {+Fly EV+4}
SustAb . .       Spirit   .     b - +2 pair of gloves {Dex+3}
rMut   .         Warding  .     (boots unavailable)
Gourm  +         Stasis   .     u - amulet of the gourmand
MR     +....                    R - ring "Nith" {rF++ EV+2}
                                M - ring of see invisible

@: very slightly contaminated, hasted, glowing, very quick, somewhat resistant
to hostile enchantments, very unstealthy
A: fangs 1, talons 3, icy blue scales 2, agile 1, clever 1, clumsy 1, conserve
scrolls, demonic guardian 2, deterioration 1, foul stench 1, saprovore 1, slow
healing 1
a: Renounce Religion, Evoke Flight
}: 2/15 runes: decaying, gossamer


You were on level 1 of the Abyss.
You worshipped Vehumet.
Vehumet was exalted by your worship.
You were full.

You visited 8 branches of the dungeon, and saw 41 of its levels.
You visited the Abyss 1 time.
You also visited: Labyrinth, Sewer and Bailey.

You collected 3173 gold pieces.
You spent 1841 gold pieces at shops.

Inventory:

Hand weapons
 S - a +5,+3 war axe of electrocution (weapon)
Armour
 b - a +2 pair of gloves of dexterity (worn)
 c - the +1 shield "Heonwiov" (worn) {Int+3 Acc+5 Curse}
   (You found it on level 10 of the Dungeon)

   It affects your intelligence (+3).
   It affects your accuracy with ranged weapons and melee attacks (+5).
   It may recurse itself when equipped.
 h - a +3 leather armour of poison resistance
 B - the +3 cloak of Flash (worn) {+Fly EV+4}
   (You bought it in a shop on level 14 of the Dungeon)

   It affects your evasion (+4).
   It lets you fly.
 K - a +3 leather armour of cold resistance (worn)
Magical devices
 t - a wand of digging (10)
 A - a wand of disintegration (16)
 Q - a wand of cold (3)
 X - a wand of hasting (1)
 Z - a wand of flame (16)
Comestibles
 g - 5 grapes
 x - a pear
 z - 4 bread rations
 G - 4 beef jerkies
 T - 4 meat rations
 U - 5 apples
 Y - 2 chokos
Scrolls
 d - 5 scrolls of identify
 j - a scroll of fog
 k - 7 scrolls of remove curse
 l - a scroll of magic mapping
 n - 5 scrolls of teleportation
 p - a scroll of recharging
 w - 3 scrolls of noise
 D - a scroll of amnesia
 F - 2 scrolls of blinking
 H - a scroll of silence
 N - 5 scrolls of immolation
 V - a scroll of vulnerability {unknown}
Jewellery
 a - an uncursed ring of wizardry
 e - an uncursed amulet of stasis
 o - an uncursed ring of teleportation
 u - an amulet of the gourmand (around neck)
 v - an uncursed ring of sustain abilities
 M - a ring of see invisible (left hand)
 O - an uncursed ring of protection from cold
 R - the ring "Nith" (right hand) {rF++ EV+2}
   (You found it on level 4 of the Lair of Beasts)

   [ring of evasion]

   It affects your evasion (+2).
   It greatly protects you from fire.
 W - a ring of the Octopus King {rF+ AC+1 EV+1 Str+1 Dex+1 Int+1}
   (You found it on level 15 of the Dungeon)

   [ring of protection from fire]

   It affects your AC (+1).
   It affects your evasion (+1).
   It affects your strength (+1).
   It affects your intelligence (+1).
   It affects your dexterity (+1).
Potions
 f - a potion of might
 i - 2 potions of restore abilities
 m - a potion of resistance
 q - 2 potions of brilliance
 s - 2 potions of invisibility
 E - a potion of haste
 J - 4 potions of agility
Books
 y - a book of Battle

   Spells                             Type                      Level
   Infusion                           Charms                       1
   Shroud of Golubria                 Charms/Translocation         2
   Song of Slaying                    Charms                       2
   Spectral Weapon                    Hexes/Charms                 3
   Regeneration                       Charms/Necromancy            3
 L - a book of Wizardry

   Spells                             Type                      Level
   Summon Elemental                   Summoning                    4
   Agony                              Necromancy                   5
   Force Lance                        Conjuration                  5
   Haste                              Charms                       6
   Invisibility                       Hexes                        6
   Spellforged Servitor               Conjuration/Summoning        7
Miscellaneous
 C - a phial of floods (inert)
 I - a fan of gales (inert)
 P - a disc of storms


   Skills:
 - Level 11.1 Fighting
 - Level 10.3 Axes
   Level 5.2 Maces & Flails
 - Level 4.1 Armour
 - Level 10.0 Dodging
 - Level 1.7 Stealth
 - Level 15.1 Shields
 - Level 8.0 Spellcasting
 - Level 13.7 Conjurations
 + Level 5.4 Charms
 - Level 3.0 Necromancy
 - Level 13.0 Fire Magic
 + Level 5.5 Air Magic
 - Level 7.2 Evocations


You had one spell level left.
You knew the following spells:

 Your Spells              Type           Power        Failure   Level  Hunger
a - Flame Tongue          Conj/Fire      #####        1%          1    None
b - Conjure Flame         Conj/Fire      ######..     1%          3    None
c - Sticky Flame          Conj/Fire      ######..     1%          4    ##.....
d - Fireball              Conj/Fire      ######....   1%          5    ####...
e - Deflect Missiles      Chrm/Air       #####.....   89%         6    ######.
f - Delayed Fireball      Conj/Fire      N/A          8%          7    #######
g - Bolt of Magma         Conj/Fire/Erth ######....   1%          5    ####...
h - Sublimation of Blood  Necr           ###.......   2%          2    None
i - Control Teleport      Chrm/Tloc      ###.......   24%         4    ##.....


Dungeon Overview and Level Annotations

Branches:
Dungeon (15/15)            Temple (1/1) D:5             Orc (4/4) D:11
    Elf (2/3) Orc:4          Lair (8/8) D:8           Swamp (5/5) Lair:3
 Spider (5/5) Lair:5        Slime (0/6) Lair:7       Vaults (1/5) D:14
 Depths: D:15

Altars:
Ashenzari
Cheibriados
Dithmenos
Elyvilon
Fedhas
Kikubaaqudgha
Makhleb
Nemelex Xobeh
Okawaru
Sif Muna
Trog
Vehumet
Xom
Yredelemnul
Zin
The Shining One
Beogh
Jiyva

Shops:
D:9 %   D:14 [   Orc:4 }(*(   Elf:1 :

Portals:
Trove: D:10 (give +4,+5 demon whip)

Annotations:
D:10 Sonja
D:15 Kirke
Lair:8 Fannar
Swamp:4 Asterion


Innate Abilities, Weirdness & Mutations

You have claws for feet.
You are mostly covered in icy blue scales (AC +3, EV -1).
You are very good at protecting items from fire.
A demonic guardian rushes to your aid.
You emit a foul stench, and are resistant to rotting and decay.
You can tolerate rotten meat.
You have very sharp teeth.
You are agile. (Dex +2)
Your mind is acute. (Int +2)
[You are clumsy. (Dex -2)]
[Your body is slowly deteriorating.]
[You heal slowly when monsters are visible.]


Message History

Drink which item? (? for menu, Esc to quit)
Okay, then.
You hit the angel. You claw the angel.
The angel is almost dead.
The angel burns!
Your soul eater hits the angel.
The angel misses you. The angel hits you but does no damage.
Unknown command.
You closely miss the angel. Your kick misses the angel.
The angel is almost dead.
The angel burns!
You block the angel's attack.
The angel hits you with a whip of holy wrath.
* * * LOW HITPOINT WARNING * * *
You convulse.
* * * LOW HITPOINT WARNING * * *
Your soul eater barely misses the angel.
You slash the angel! Your kick misses the angel.
The angel is almost dead.
You block the angel's attack.
The angel hits you with a whip of holy wrath.
You die...

#.... . .##. # #
### .. # # ...#.
#.## #. #.##. .#.#
#.. . . #
.....##..# #.#...
.#####.#.##....##..
. # .. ..#3.##
.##.###.A..# .
#......@.#.....#
.#....##......# #.
## #.. ##.##.#..# .
..# .# ... #.# #. .
#. .# .. .. #.. .


You could see an angel (burning) and a friendly soul eater.

Vanquished Creatures
  the Lernaean hydra (Swamp:5)
  2 bone dragons
  2 thorn hunters (Swamp:4)
  Agnes (Swamp:2)
  Frances (Spider:4)
  The ghost of ThirdFlower the Severer, a mighty FoFi of Okawaru (Swamp:5)
  A frost giant (D:15)
  3 ghost moths (Spider:5)
  6 emperor scorpions
  A vampire knight (D:13)
  A stone giant (D:15)
  The ghost of Bikaver the Unseen, a powerful HaAs of Dithmenos (Orc:3)
  A lorocyproca (Abyss:1)
  An eidolon (Abyss:1)
  3 deep elf death magi
  2 yaktaur captains (D:15)
  A minotaur (Lab)
  2 great orbs of eyes (D:15)
  3 vault guards (D:15)
  21 hydras
  2 shambling mangroves
  5 large abominations
  4 ogre magi (Orc:4)
  8 alligators
  A thrashing horror (Abyss:1)
  A spectral elf (Elf:1)
  An orc high priest (Orc:3)
  5 centaur warriors
  A vampire mage (D:13)
  A very ugly thing (Abyss:1)
  A sun demon (Abyss:1)
  An ice devil (Spider:4)
  8 deep elf knights
  An iron troll (D:15)
  A skeletal warrior (D:13)
  3 spriggan druids
  Urug (D:12)
  21 orb spiders
  2 deep elf summoners
  2 unseen horrors
  7 hill giants
  An orc sorcerer (Orc:3)
  13 swamp dragons
  3 orc knights
  A manticore (D:15)
  4 deep elf conjurers
  2 griffons
  A moth of wrath (Spider:5)
  A mana viper (Abyss:1)
  27 wolf spiders
  7 cyclopes
  2 wizards (D:15)
  2 sixfirhies
  8 red wasps
  5 elephants
  3 black mambas
  2 gargoyles
  3 vapours
  27 spiny frogs
  A kobold demonologist (D:13)
  6 demonic crawlers
  2 hellwings (Abyss:1)
  6 komodo dragons
  A fire drake (Lair:3)
  An ancient zyme (Abyss:1)
  3 deep elf priests (Elf:1)
  An efreet (D:14)
  A tengu conjurer (D:15)
  2 boggarts (D:15)
  5 giant leeches
  4 freezing wraiths
  7 giant fireflies
  A hydra zombie (D:15)
  23 jumping spiders
  3 centaur skeletons
  9 slime creatures
  26 blink frogs
  4 bog bodies
  13 two-headed ogres
  A raven (Swamp:2)
  A trapdoor spider zombie (D:9)
  19 flying skulls (D:13)
  A trapdoor spider (shapeshifter) (D:14)
  18 deep elf magi
  3 trolls
  3 raiju (Abyss:1)
  2 baby alligators (Swamp:4)
  5 sharks
  18 trapdoor spiders
  46 redbacks
  6 shadows
  2 basilisks
  32 yaks
  2 ynoxinuls (Abyss:1)
  7 spriggans
  9 vampires
  2 water elementals
  A chaos spawn (Abyss:1)
  A hog (shapeshifter) (D:15)
  3 hogs (D:15)
  30 tarantellas
  3 wraiths
  17 deep elf fighters
  2 ugly things
  15 humans
  A hungry ghost (D:15)
  5 hippogriffs
  2 hill giant skeletons
  17 vampire mosquitoes
  5 wyverns
  A steam dragon (D:11)
  4 wolves (Lair:7)
  23 swamp worms
  24 water moccasins
  A sky beast (D:7)
  A small abomination (Abyss:1)
  A human skeleton (D:15)
  9 swamp drakes
  9 porcupines
  3 yellow wasps
  2 black bears
  28 orc warriors
  5 ice beasts
  16 centaurs
  12 giant goldfish
  4 boring beetles
  24 spiders
  2 lost souls (Elf:1)
  35 ogres
  4 phantoms
  Sigmund (D:3)
  6 crocodiles
  10 giant slugs
  A brain worm (D:15)
  32 giant frogs
  7 big kobolds
  19 insubstantial wisps
  A cyclops zombie (D:9)
  11 scorpions
  A warg zombie (Orc:2)
  An elf zombie (D:14)
  3 cyclops skeletons
  4 wights (D:11)
  11 electric eels
  A hippogriff skeleton (D:10)
  11 crimson imps
  5 goliath beetles
  A centaur zombie (D:15)
  29 orc priests
  2 jellies (D:6)
  8 human zombies (D:13)
  37 orc wizards
  A two-headed ogre zombie (D:10)
  4 big fish
  A giant frog skeleton (D:12)
  14 hounds
  8 worker ants
  A two-headed ogre skeleton (D:11)
  9 iguanas
  A quasit (Abyss:1)
  2 elf skeletons
  A worker ant (shapeshifter) (Abyss:1)
  10 sheep
  Ijyb (D:3)
  Jessica (D:3)
  A hound skeleton (D:7)
  A mummy (D:11)
  14 gnolls
  22 green rats
  A worm zombie (D:9)
  25 adders
  2 giant mites
  2 shadow imps
  12 white imps (D:12)
  9 worms
  An ufetubus (Abyss:1)
  An adder skeleton (D:7)
  6 giant eyeballs
  6 giant geckos
  3 oozes
  190 orcs
  2 bat skeletons (D:7)
  A giant cockroach (D:8)
  28 hobgoblins
  34 jackals
  3 quokkas
  2 ball pythons (D:3)
  17 bats
  8 giant newts
  2 giant spores (D:13)
  21 goblins
  A hobgoblin skeleton (D:6)
  17 kobolds
  An orc skeleton (Orc:2)
  26 rats
  8 ballistomycetes
  3 fungi
  3 plants
  A starspawn tentacle (Abyss:1)
  A starspawn tentacle segment (Abyss:1)
1581 creatures vanquished.

Vanquished Creatures (collateral kills)
  3 tentacled starspawn (Abyss:1)
  A frost giant (D:15)
  An orc warlord (Bailey)
  3 emperor scorpions
  A vault guard (D:15)
  Josephine (D:10)
  Harold (Lair:2)
  6 hydras
  An ogre mage (D:15)
  A thrashing horror (Abyss:1)
  An orc high priest (Orc:2)
  2 deep elf knights (Elf:1)
  A deep elf summoner (Elf:2)
  2 orb spiders
  4 swamp dragons (Swamp:5)
  3 hill giants
  Joseph (D:7)
  An orc sorcerer (Orc:2)
  A harpy (D:15)
  3 wolf spiders (Spider:5)
  A manticore (D:11)
  2 orc knights (Bailey)
  A red wasp (Spider:5)
  The ghost of BoredOne the Shield-Bearer, an experienced MiFi (D:5)
  6 elephants
  A gargoyle (D:15)
  3 efreet
  2 spiny frogs
  2 demonic crawlers
  Grinder (D:5)
  A jumping spider (Spider:4)
  A two-headed ogre (Orc:4)
  2 slime creatures (Swamp:5)
  7 blink frogs
  A basilisk (Lair:3)
  A redback (Elf:2)
  2 deep elf magi
  An ugly thing (Abyss:1)
  A trapdoor spider (Spider:5)
  2 flying skulls
  A fire bat (Abyss:1)
  9 yaks
  2 vampires
  A hog (D:15)
  A human (D:14)
  2 steam dragons (D:5)
  A hungry ghost (D:13)
  2 vampire mosquitoes (Lair:8)
  A small abomination (Abyss:1)
  A warg (Orc:2)
  2 water moccasins
  A spectral shapeshifter (D:13)
  2 spiders
  6 orc warriors
  Purgy (Sewer)
  A black bear (D:10)
  A porcupine (Lair:3)
  A giant goldfish (Lair:3)
  4 ogres
  2 crocodiles
  2 giant slugs (Lair:3)
  7 big kobolds (D:7)
  2 giant frogs (Lair:8)
  A scorpion (D:6)
  A giant frog zombie (D:9)
  A goliath beetle (Spider:5)
  2 hounds
  2 human zombies (D:13)
  2 orc wizards
  An orange rat (Elf:2)
  A sheep (Lair:7)
  A giant frog simulacrum (D:10)
  An adder (D:11)
  An ufetubus (Abyss:1)
  A worm (D:9)
  An adder zombie (D:10)
  A giant gecko (D:5)
  8 orcs
  4 goblins (Bailey)
  4 hobgoblins
  9 kobolds (D:7)
  An orc skeleton (D:10)
  A rat (Lair:3)
  2 starspawn tentacles (Abyss:1)
176 creatures vanquished.

Vanquished Creatures (others)
  17 sun demons
  16 soul eaters
  12 ice devils
  21 sixfirhies
  22 smoke demons
  A water elemental (Abyss:1)
  An air elemental (Swamp:5)
  A giant firefly (Swamp:3)
  A jumping spider (Spider:4)
  A two-headed ogre (Orc:4)
  A wyvern (D:12)
  A spider (Spider:5)
  A giant frog (D:12)
  A shadow imp (D:15)
  2 orcs
  2 giant spores (D:12)
  A ballistomycete (D:12)
  22 fungi
  16 plants
  14 starspawn tentacles (Abyss:1)
  125 starspawn tentacle segments (Abyss:1)
279 creatures vanquished.

Grand Total: 2036 creatures vanquished

Notes
Turn   | Place    | Note
--------------------------------------------------------------
     0 | D:1      | E1999, the Demonspawn Fire Elementalist, began the quest for the Orb.
     0 | D:1      | Reached XP level 1. HP: 13/13 MP: 3/3
     6 | D:1      | Noticed a swamp drake
     6 | D:1      | Noticed a black bear
     6 | D:1      | Noticed a wolf
     8 | D:1      | Noticed a swamp worm
   529 | D:2      | Gained mutation: You can tolerate rotten meat. [demonic ancestry]
   529 | D:2      | Reached XP level 2. HP: 13/19 MP: 0/4
   538 | D:2      | Reached skill level 3 in Fire Magic
   647 | D:2      | You fall through a shaft!
   933 | D:2      | Gained mutation: You have sharp toenails. [demonic ancestry]
   933 | D:2      | Reached XP level 3. HP: 22/24 MP: 0/6
  1308 | D:2      | Gained mutation: A weak demonic guardian rushes to your aid. [demonic ancestry]
  1308 | D:2      | Reached XP level 4. HP: 28/30 MP: 2/7
  1424 | D:2      | Learned a level 3 spell: Conjure Flame
  1458 | D:3      | Noticed Jessica
  1461 | D:3      | Killed Jessica
  1461 | D:3      | Reached skill level 4 in Fire Magic
  1790 | D:3      | Gained mutation: You are partially covered in icy blue scales (AC +1). [demonic ancestry]
  1790 | D:3      | Reached XP level 5. HP: 25/35 MP: 6/9
  1900 | D:3      | Noticed Ijyb
  1906 | D:3      | Killed Ijyb
  2126 | D:3      | Learned a level 4 spell: Sticky Flame
  2135 | D:3      | Noticed Sigmund
  2163 | D:3      | Killed Sigmund
  2308 | D:3      | Gained mutation: A demonic guardian rushes to your aid. [demonic ancestry]
  2308 | D:3      | Reached XP level 6. HP: 26/41 MP: 5/10
  2452 | D:4      | Found a glowing drain.
  2490 | D:4      | Reached skill level 5 in Fire Magic
  2502 | Sewer    | Entered a sewer
  2580 | Sewer    | Noticed Purgy
  2583 | Sewer    | Killed Purgy
  2688 | D:4      | Reached skill level 5 in Conjurations
  2688 | D:4      | Gained mutation: You emit a foul stench, and are resistant to rotting and decay. [demonic ancestry]
  2688 | D:4      | Reached XP level 7. HP: 31/46 MP: 4/12
  3016 | D:4      | Found a deep blue altar of Sif Muna.
  3209 | D:4      | Reached skill level 6 in Fire Magic
  3413 | D:5      | Entered Level 5 of the Dungeon
  3635 | D:5      | Found a blossoming altar of Fedhas.
  3774 | D:5      | Noticed BoredOne's ghost (experienced MiFi)
  3775 | D:5      | Found a staircase to the Ecumenical Temple.
  3811 | D:5      | Killed BoredOne's ghost
  3811 | D:5      | Reached XP level 8. HP: 26/52 MP: 3/13
  3821 | Temple   | Entered the Ecumenical Temple
  3886 | Temple   | Became a worshipper of Vehumet
  4332 | D:5      | Noticed Grinder
  4334 | D:5      | Killed Grinder
  4334 | D:5      | Reached skill level 7 in Fire Magic
  4838 | D:6      | Reached skill level 8 in Fire Magic
  4982 | D:6      | Reached XP level 9. HP: 57/57 MP: 8/14
  5475 | D:6      | Acquired Vehumet's first power
  5475 | D:6      | Offered knowledge of Magic Dart by Vehumet.
  6206 | D:7      | Reached skill level 9 in Conjurations
  6529 | D:7      | Offered knowledge of Searing Ray by Vehumet.
  6706 | D:7      | Noticed Joseph
  6716 | D:7      | Killed Joseph
  6878 | D:7      | Reached skill level 10 in Conjurations
  6928 | D:7      | Gained mutation: You have razor-sharp toenails. [demonic ancestry]
  6928 | D:7      | Reached XP level 10. HP: 50/63 MP: 4/16
  7220 | D:8      | Found an iron altar of Okawaru.
  7677 | D:9      | Reached skill level 10 in Fire Magic
  7848 | D:9      | Found Esiniad's Food Shoppe.
  8037 | D:9      | Reached skill level 11 in Conjurations
  8040 | D:9      | Offered knowledge of Static Discharge by Vehumet.
  8189 | D:9      | Acquired Vehumet's second power
  8278 | D:9      | Learned a level 5 spell: Fireball
  8317 | D:9      | Reached skill level 1 in Maces & Flails
  8432 | D:10     | Entered Level 10 of the Dungeon
  8469 | D:10     | Offered knowledge of Olgreb's Toxic Radiance by Vehumet.
  8760 | D:10     | Noticed Josephine
  8763 | D:10     | Noticed Sonja
  8818 | D:10     | Killed Josephine
  9111 | D:10     | Noticed a four-headed hydra
  9117 | D:10     | Killed a four-headed hydra
  9117 | D:10     | Reached skill level 5 in Maces & Flails
  9117 | D:10     | Gained mutation: You are mostly covered in icy blue scales (AC +3, EV -1). [demonic ancestry]
  9117 | D:10     | Reached XP level 11. HP: 60/68 MP: 7/17
  9217 | D:10     | Found a portal to a secret trove of treasure.
  9305 | D:10     | Got a fine shield
  9312 | D:10     | Identified the +1 shield "Heonwiov" {Int+3 Acc+5 Curse} (You found it on level 10 of the Dungeon)
  9382 | D:11     | Noticed a hill giant
  9392 | D:11     | Killed a hill giant
  9488 | D:11     | Acquired Vehumet's third power
  9547 | D:11     | Reached skill level 5 in Spellcasting
  9605 | D:11     | Noticed an unseen horror
  9606 | D:11     | Killed an unseen horror
  9606 | D:11     | Offered knowledge of Stone Arrow by Vehumet.
  9642 | D:11     | Found a flagged portal.
  9677 | Bailey   | Entered a bailey
 10176 | Bailey   | Noticed an orc warlord
 10187 | Bailey   | Killed an orc warlord
 10474 | D:11     | Gained mutation: You are agile. (Dex +2) [potion of beneficial mutation]
 10475 | D:11     | Gained mutation: You have very sharp teeth. [potion of beneficial mutation]
 10742 | D:11     | Noticed a hill giant
 10747 | D:11     | Reached skill level 1 in Fighting
 10750 | D:11     | Killed a hill giant
 10797 | D:11     | Offered knowledge of Lee's Rapid Deconstruction by Vehumet.
 10926 | D:11     | Learned a level 2 spell: Throw Flame
 11064 | D:11     | Found a staircase to the Orcish Mines.
 11302 | D:8      | Found a staircase to the Lair.
 11330 | Lair:1   | Entered Level 1 of the Lair of Beasts
 11492 | Lair:1   | Reached skill level 5 in Fighting
 11511 | Lair:1   | Reached XP level 12. HP: 34/86 MP: 20/28
 12469 | Lair:2   | Offered knowledge of Delayed Fireball by Vehumet.
 12518 | Lair:2   | Learned a level 7 spell: Delayed Fireball
 12716 | Lair:2   | Noticed Harold
 12816 | Lair:2   | Killed Harold
 13770 | Lair:3   | Reached skill level 10 in Fighting
 13782 | Lair:3   | Found a staircase to the Swamp.
 13946 | Lair:4   | Gained mutation: Your mind is acute. (Int +2) [potion of beneficial mutation]
 14056 | Lair:4   | Got a vibrating golden ring
 14058 | Lair:4   | Identified the ring "Nith" {rF++ EV+2} (You found it on level 4 of the Lair of Beasts)
 14179 | Lair:4   | Noticed a seven-headed hydra
 14190 | Lair:4   | Killed a seven-headed hydra
 14250 | Lair:4   | Reached skill level 1 in Evocations
 14357 | Lair:4   | Offered knowledge of Bolt of Magma by Vehumet.
 14366 | Lair:4   | Learned a level 5 spell: Bolt of Magma
 14467 | Lair:5   | Found a labyrinth entrance.
 14490 | Lab      | Entered a labyrinth
 14645 | Lab      | Noticed a minotaur
 14673 | Lab      | Killed a minotaur
 14742 | Lab      | Identified the Grimoire of Panentheism
 14776 | Lair:5   | Learned a level 2 spell: Sublimation of Blood
 14779 | Lair:5   | Noticed an eight-headed hydra
 14786 | Lair:5   | Killed an eight-headed hydra
 14786 | Lair:5   | Reached XP level 13. HP: 106/106 MP: 7/29
 14928 | Lair:5   | Found a hole to the Spider Nest.
 14945 | Lair:5   | Reached skill level 5 in Evocations
 15174 | Lair:5   | Reached skill level 1 in Necromancy
 16408 | Lair:7   | Reached skill level 5 in Dodging
 17014 | Lair:7   | Found a viscous altar of Jiyva.
 17016 | Lair:7   | Found a staircase to the Slime Pits.
 17185 | Lair:8   | Entered Level 8 of the Lair of Beasts
 17321 | Lair:8   | Identified a scroll of acquirement
 17787 | Lair:8   | Noticed Fannar
 18308 | Lair:8   | Offered knowledge of Orb of Destruction by Vehumet.
 18672 | Lair:8   | Got a tattered robe
 18783 | Lair:8   | Identified the +0 robe of Plasticity {Str+2 Dam+4} (You found it on level 8 of the Lair of Beasts)
 18900 | Lair:8   | Reached XP level 14. HP: 107/113 MP: 21/30
 19757 | D:12     | Reached skill level 10 in Dodging
 20135 | D:12     | Noticed Urug
 20161 | D:12     | Killed Urug
 20279 | D:12     | Reached skill level 1 in Armour
 20333 | D:12     | Offered knowledge of Poisonous Cloud by Vehumet.
 20354 | D:12     | Found a frozen archway.
 21018 | Orc:1    | Entered Level 1 of the Orcish Mines
 21481 | Orc:2    | Found a roughly hewn altar of Beogh.
 21790 | Orc:1    | Offered knowledge of Bolt of Fire by Vehumet.
 21958 | Orc:3    | Paralysed by an orc sorcerer for 4 turns
 22128 | Orc:3    | Noticed Bikaver's ghost (powerful HaAs)
 22163 | Orc:3    | Killed Bikaver's ghost
 22286 | Orc:3    | Found a burning altar of Makhleb.
 22636 | Orc:4    | Entered Level 4 of the Orcish Mines
 22776 | Orc:4    | Offered knowledge of Conjure Ball Lightning by Vehumet.
 22817 | Orc:4    | Found a staircase to the Elven Halls.
 23088 | Orc:4    | Reached skill level 5 in Axes
 23108 | Orc:4    | Paralysed by an ogre mage for 2 turns
 23269 | Orc:4    | Found Egecev's Weapon Emporium.
 23269 | Orc:4    | Found Tobae's Weapon Shop.
 23270 | Orc:4    | Found Nyolytsago's Gadget Boutique.
 23270 | Orc:4    | Found Watak's General Store.
 23297 | Orc:4    | Bought a phial of floods for 680 gold pieces
 23982 | D:13     | Found a basalt altar of Yredelemnul.
 24300 | D:13     | Paralysed by a vampire knight for 5 turns
 24587 | D:13     | Offered knowledge of Lehudib's Crystal Spear by Vehumet.
 24587 | D:13     | Offered knowledge of Fire Storm by Vehumet.
 24587 | D:13     | Offered knowledge of Chain Lightning by Vehumet.
 24689 | D:13     | Paralysed by a giant eyeball for 3 turns
 24716 | D:13     | Reached XP level 15. HP: 84/118 MP: 18/30
 24861 | D:14     | Found a gate to the Vaults.
 25216 | D:14     | Found a shattered altar of Ashenzari.
 25470 | D:14     | Reached skill level 10 in Axes
 25677 | D:14     | Found Wixynom's Armour Shoppe.
 25700 | D:14     | Bought the +3 cloak of Flash {+Fly EV+4} for 681 gold pieces
 26023 | D:14     | Found a white marble altar of Elyvilon.
 26191 | D:15     | Entered Level 15 of the Dungeon
 26392 | D:15     | Noticed Kirke
 26971 | Spider:1 | Entered Level 1 of the Spider Nest
 27300 | Spider:1 | Reached skill level 1 in Shields
 28240 | Spider:1 | Reached skill level 5 in Shields
 29792 | D:15     | Gained mutation: You have claws for feet. [demonic ancestry]
 29792 | D:15     | Reached XP level 16. HP: 84/125 MP: 21/31
 29801 | D:15     | Got a ring of the Octopus King
 29805 | D:15     | Identified a ring of the Octopus King {rF+ AC+1 EV+1 Str+1 Dex+1 Int+1} (You found it on level 15 of the Dungeon)
 30278 | D:15     | Noticed a bone dragon
 30308 | D:15     | Killed a bone dragon
 30409 | D:15     | Learned a level 4 spell: Control Teleport
 30801 | Swamp:1  | Entered Level 1 of the Swamp
 31030 | Swamp:1  | Reached skill level 10 in Shields
 31715 | Swamp:2  | Noticed Agnes
 31727 | Swamp:2  | Killed Agnes
 33009 | Swamp:3  | Reached skill level 12 in Shields
 33572 | Swamp:4  | Noticed Asterion
 33898 | Swamp:4  | Reached skill level 13 in Shields
 34100 | Swamp:5  | Entered Level 5 of the Swamp
 34100 | Swamp:5  | Noticed ThirdFlower's ghost (mighty FoFi)
 34489 | Swamp:5  | Reached XP level 17. HP: 126/131 MP: 32/32
 34691 | Swamp:5  | Killed ThirdFlower's ghost
 34930 | Swamp:5  | Reached skill level 14 in Shields
 35209 | Swamp:5  | Noticed the 27-headed Lernaean hydra
 35227 | Swamp:5  | Killed the 27-headed Lernaean hydra
 35358 | Swamp:5  | Got a decaying rune of Zot
 36188 | Spider:2 | Reached skill level 15 in Shields
 37018 | Spider:3 | Got a brightly glowing robe
 37113 | Spider:4 | Identified the +0 robe of Grace {Str+4 Int+5 Acc+6 Curse} (You found it on level 3 of the Spider Nest)
 37332 | Spider:4 | Noticed Frances
 37337 | Spider:4 | Killed Frances
 38054 | Spider:5 | Entered Level 5 of the Spider Nest
 38778 | Spider:5 | Gained mutation: You are very good at protecting items from fire. [demonic ancestry]
 38778 | Spider:5 | Reached XP level 18. HP: 115/138 MP: 32/32
 40130 | Spider:5 | Got a gossamer rune of Zot
 40557 | Lair:1   | Learned a level 6 spell: Deflect Missiles
 40711 | Vaults:1 | Entered Level 1 of the Vaults
 40870 | Elf:1    | Entered Level 1 of the Elven Halls
 40878 | Elf:1    | Reached skill level 1 in Air Magic
 40909 | Elf:1    | Found Litusoq's Book Shoppe.
 41232 | Elf:1    | Reached skill level 1 in Charms
 41288 | Elf:1    | Bought a book of Wizardry for 480 gold pieces
 42651 | Elf:2    | Cast into the Abyss (deep elf sorcerer)
 43238 | Abyss:1  | Noticed a bone dragon
 43333 | Abyss:1  | Killed a bone dragon
 43600 | Abyss:1  | Found a corrupted altar of Lugonu.
 43600 | Abyss:1  | Found a corrupted altar of Lugonu.
 43615 | Abyss:1  | Reached skill level 5 in Air Magic
 43624 | Abyss:1  | Reached skill level 5 in Charms
 43771 | Abyss:1  | Found a corrupted altar of Lugonu.
 44127 | Abyss:1  | HP: 5/138 [angel/whip of holy wrath (26)]
 44129 | Abyss:1  | HP: 2/138 [angel/whip of holy wrath (1)]
 44130 | Abyss:1  | Slain by an angel

Action                   |  1- 3 |  4- 6 |  7- 9 | 10-12 | 13-15 | 16-18 || total
-------------------------+-------+-------+-------+-------+-------+-------++-------
Melee: Club              |    26 |    15 |       |       |       |       ||    41
       Unarmed           |       |     4 |       |       |       |       ||     4
       Short sword       |       |    27 |   146 |       |       |       ||   173
       Whip              |       |       |   156 |   604 |   515 |       ||  1275
       War axe           |       |       |       |       |   683 |  1101 ||  1784
 Cast: Flame Tongue      |    60 |    88 |   152 |    57 |       |       ||   357
       Conjure Flame     |       |     1 |     1 |     8 |     5 |     8 ||    23
       Sticky Flame      |       |       |    25 |   113 |   264 |   208 ||   610
       Fireball          |       |       |       |    62 |   148 |    97 ||   307
       Throw Flame       |       |       |       |     6 |     9 |     3 ||    18
       Bolt of Magma     |       |       |       |       |   104 |   201 ||   305
 Abil: Evoke Flight      |       |       |       |       |       |     7 ||     7
       Stop Flying       |       |       |       |       |       |     1 ||     1
Evoke: Wand              |       |       |     2 |     7 |    22 |    17 ||    48
       Phial of floods   |       |       |       |       |     2 |     2 ||     4
       Fan of gales      |       |       |       |       |       |     4 ||     4
       Sack of spiders   |       |       |       |       |       |     1 ||     1
  Use: Potion            |     1 |     1 |     1 |     6 |    13 |    17 ||    39
       Scroll            |       |     6 |     4 |    10 |    27 |    23 ||    70
 Stab: Sleeping          |       |     1 |     1 |     4 |     2 |     1 ||     9
       Distracted        |       |       |     1 |     2 |     2 |     7 ||    12
       Held in net/web   |       |       |       |       |       |     1 ||     1
